 Dungeon Crawl Stone Soup version 0.28-a0-1447-ga5a8893891 (webtiles) character file.

Game seed: 15078946153912296447

483 eustatius the Covered (level 7, -8/44 HPs)
             Began as a Gargoyle Fighter on Jan 11, 2022.
             Was a Believer of the Shining One.
             Killed from afar by Ijyb (17 damage)
             ... with an iceblast
             ... on level 4 of the Dungeon.
             The game lasted 00:09:42 (3103 turns).

eustatius the Covered (Gargoyle Fighter)            Turns: 3103, Time: 00:09:43

Health: -8/44      AC: 22    Str: 21    XL:     7   Next: 12%
Magic:  7/7        EV:  2    Int:  9    God:    the Shining One [**....]
Gold:   149        SH:  4    Dex:  9    Spells: 6/6 levels left

rFire   + . .      SeeInvis .   i - +1 mace (protect)
rCold   . . .      Faith    .   c - +0 buckler
rNeg    + + +      Spirit   .   f - +0 crystal plate armour
rPois   ∞          Reflect  .   (no helmet)
rElec   +          Harm     .   (no cloak)
rCorr   .          Rampage  .   (no gloves)
Will    .....                   (no boots)
Stlth   ..........              (no amulet)
HPRegen 0.14/turn               k - ring of positive energy
MPRegen 0.10/turn               l - ring of protection from fire

@: hasted, glowing, very quick
A: sickness immunity, AC +4, negative energy resistance 1, electricity
resistance, torment resistance 1, petrification resistance
a: Renounce Religion, Divine Shield


You were on level 4 of the Dungeon.
You worshipped the Shining One.
The Shining One was pleased with you.
You visited 1 branch of the dungeon, and saw 4 of its levels.

You collected 149 gold pieces.

Inventory:

Hand Weapons
 a - a +0 flail
 i - a +1 mace of protection (weapon)
 t - the +11 dagger "Zutwued" {drain, rF+ rN+}
   (You found it on level 3 of the Dungeon)

   A truly terrible weapon, it drains the life of any living foe it strikes.
   rF:        It protects you from fire.
   rN:        It protects you from negative energy.
   The Shining One disapproves of the use of such an item.
Missiles
 r - a throwing net (quivered)
Armour
 b - a +0 scale mail
 c - a +0 buckler (worn)
 f - a +0 crystal plate armour (worn)
 n - an orb of mayhem
Jewellery
 k - a ring of positive energy (left hand)
 l - a ring of protection from fire (right hand)
Scrolls
 g - a scroll of noise {unknown}
 h - 2 scrolls of enchant weapon {unknown}
 j - 2 scrolls of teleportation {unknown}
 o - 3 scrolls of immolation {unknown}
 q - 2 scrolls of identify {unknown}
 s - a scroll of enchant armour {unknown}
Potions
 d - 3 potions of might
 e - a potion of curing {unknown}
 m - a potion of magic {unknown}


   Skills:
 + Level 4.5 Fighting
 + Level 4.8 Maces & Flails
 + Level 5.1 Armour
 + Level 0.3 Stealth
 + Level 4.8 Shields


You had 6 spell levels left.
You didn't know any spells.
Your spell library contained the following spells:

 Spells                   Type           Power      Damage    Failure   Level
 Foxfire                  Conj/Fire      0%         2x1d4     100%        1
 Conjure Flame            Conj/Fire      0%         6-21      100%        3
 Inner Flame              Hex/Fire       0%         N/A       100%        3
 Flame Wave               Conj/Fire      0%         2d4       100%        4


Dungeon Overview and Level Annotations

Branches:
Dungeon (4/15)
 Temple: D:4-7

Altars:
Trog
The Shining One

Annotations:
D:4 Dowan, Ijyb


Innate Abilities, Weirdness & Mutations

You are immune to sickness and miasma.
Your stone body is resilient. (AC +4)
You are immune to poison.
You resist negative energy. (rN+)
You are resistant to electric shocks. (rElec)
You are resistant to unholy torment.
You are immune to petrification.


Message History

Ijyb hits you but does no damage.
Duvessa zaps a wand.
The puff of flame hits you but does no damage.
You hit Duvessa but do no damage.
Duvessa is severely wounded.
Ijyb splashes around in the water.
Duvessa zaps a wand.
The puff of flame hits you but does no damage.
Ijyb hits you but does no damage.
You hit Duvessa but do no damage.
Duvessa is severely wounded.
Ijyb hits you but does no damage. Duvessa hits you but does no damage.
You sock Duvessa!
Duvessa is almost dead.
Ijyb hits you but does no damage. x2; Duvessa zaps a wand.
The puff of flame hits you but does no damage.
You sock Duvessa!
You kill Duvessa!
Dowan screams, "No!
No!"
Dowan seems to find hidden reserves of power!
You block Ijyb's attack. Ijyb hits you but does no damage.
Your Armour skill increases to level 5!
You have reached level 7!
You hit Ijyb but do no damage.
Ijyb splashes around in the water.
You block Ijyb's attack. Dowan barely misses you.
You closely miss Dowan. You block Dowan's attack.
Ijyb hits you but does no damage.
Dowan says, "Magic will overcome all!"
Dowan casts a spell at you. The shard of ice hits you!
* * * LOW HITPOINT WARNING * * *
You block Ijyb's attack.
You feel yourself speed up. You block Dowan's attack.
Ijyb hits you but does no damage. Dowan hits you but does no damage.
Dowan says, "How can I live without her?"
You block Dowan's attack.
Dowan shakes with grief.
Ijyb zaps a wand.
The mass of ice explodes!
The iceblast engulfs you but does no damage.
You hear a shout! x2
Ijyb zaps a wand.
The mass of ice explodes!
The iceblast engulfs you!
You die...

#.........#
#.........#
#.........# .
+.........+ ..
#.........#
#..######.........#
#...............###
#...............#
#........g..@...###
..####.e#####+#..#
##'### #..# #≈)≈≈#
#..# #≈♣.≈# #..#
#≈.♣≈# #<.# #≈≈.≈#
##.# ###'## .# ....
##


You could see Ijyb (fast) and Dowan (fast).

Vanquished Creatures
  A water moccasin (D:4)
  Duvessa (D:4)
  2 scorpions (D:4)
  A jelly (D:2)
  Terence (D:3)
  An adder (D:2)
  3 gnolls (D:2)
  A worm (D:2)
  5 endoplasms
  2 giant cockroaches
  4 hobgoblins
  2 quokkas (D:2)
  7 ball pythons
  4 bats
  8 frilled lizards
  6 goblins
  A jackal skeleton (D:4)
  15 kobolds
  6 rats
  3 bushes (D:1)
74 creatures vanquished.

Vanquished Creatures (others)
  6 plants (D:1)
6 creatures vanquished.

Grand Total: 80 creatures vanquished

Notes
Turn   | Place    | Note
-------+----------+-------------------------------------------
     0 | D:1      | eustatius the Gargoyle Fighter began the quest for the Orb.
     0 | D:1      | Reached XP level 1. HP: 14/14 MP: 1/1
   144 | D:1      | Reached XP level 2. HP: 13/19 MP: 2/2
   525 | D:1      | Found a faded altar of an unknown god.
   552 | D:1      | Prayed at the altar of an unknown god.
   552 | D:1      | Became a worshipper of the Shining One
   552 | D:1      | Reached * piety under the Shining One
  1064 | D:2      | Reached XP level 3. HP: 24/24 MP: 3/3
  1193 | D:2      | Reached XP level 4. HP: 21/29 MP: 4/4
  1423 | D:2      | Reached skill level 4 in Armour
  1901 | D:3      | Reached XP level 5. HP: 33/33 MP: 5/5
  2145 | D:3      | Noticed Terence
  2166 | D:3      | Killed Terence
  2429 | D:3      | Found a bloodstained altar of Trog.
  2618 | D:3      | Identified the +11 dagger "Zutwued" {drain, rF+ rN+}
  2809 | D:4      | Reached ** piety under the Shining One
  2842 | D:4      | Noticed a water moccasin
  2854 | D:4      | Killed a water moccasin
  2855 | D:4      | Reached XP level 6. HP: 12/39 MP: 6/6
  3069 | D:4      | Noticed Duvessa
  3070 | D:4      | Noticed Ijyb
  3089 | D:4      | Noticed Dowan
  3095 | D:4      | Killed Duvessa
  3096 | D:4      | Reached skill level 5 in Armour
  3096 | D:4      | Reached XP level 7. HP: 25/44 MP: 7/7
  3103 | D:4      | Killed from afar by Ijyb

Illustrated notes

Levels and vault maps discovered:
D:1:      zaba_arrival_water, layout_loops_cross,
          hellmonk_ecumenical_altar_prayer_group, lexackson_kobold_supper
D:2:      layout_basic
D:3:      layout_loops_cross, trog_hazing_becter,
          minmay_randomly_rotated_circles, uniq_terence
D:4:      layout_basic, overflow_temple_1_default, serial_shops,
          nicolae_shop_hallway_stairs, gammafunk_ghost_arena,
          kennysheep_generic_room_14, uniq_duvessa, uniq_eustachio,
          uniq_sigmund, uniq_ijyb

Skill      XL: |  1  2  3  4  5  6 |
---------------+-------------------+-----
Armour         | 4 5 |  5.1
Maces & Flails | 3 4 |  4.8
Fighting       | 4 |  4.5
Shields        | 4 |  4.8
Stealth        | |  0.3

Action                   |  1- 3 |  4- 6 |  7- 9 || total
-------------------------+-------+-------+-------++-------
Melee: Flail             |   247 |       |       ||   247
       Mace              |    46 |   135 |     2 ||   183
  Use: Potion            |       |       |     1 ||     1
Armor: Scale mail        |    22 |       |       ||    22
       Crystal plate arm |    57 |   173 |     4 ||   234
Dodge: Dodged            |    14 |    22 |     1 ||    37
Block: Buckler           |    24 |    38 |     5 ||    67

Table legend: (Time is in decaauts)
 A = Elapsed time spent in this place.
 B = Non-inter-level travel time spent in this place.
 C = Inter-level travel time spent in this place.
 D = Time resting spent in this place.
 E = Time spent auto-exploring this place.
 F = Levels seen in this place.
 G = Mean time per level.
                   A        B        C        D        E       F      G
               +--------+--------+--------+--------+--------+-----+--------+
         Total |   3245 |   3105 |    140 |    631 |   1265 |   4 |  811.2 |
       Dungeon |   3245 |   3105 |    140 |    631 |   1265 |   4 |  811.2 |
               +--------+--------+--------+--------+--------+-----+--------+

Top non-repeatable levels by time:
     D:1: 1142 daAuts
     D:3: 1044 daAuts
     D:2: 745 daAuts
     D:4: 312 daAuts
